 Dungeon Crawl Stone Soup version 0.18.1-48-g4cf74bf (webtiles) character file.

57852 kae the Impaler (level 14, -3/139 HPs)
             Began as a Naga Fighter on Aug 17, 2016.
             Was a High Priest of Cheibriados.
             Slain by a spiny frog (18 damage)
             ... on level 8 of the Lair of Beasts.
             The game lasted 00:34:21 (19505 turns).

kae the Impaler (Naga Fighter)                     Turns: 19505, Time: 00:34:22

Health: -3/139     AC: 20    Str: 37    XL:     14   Next: 88%
Magic:  23/28      EV: 12    Int: 27    God:    Cheibriados [*****.]
Gold:   1330       SH:  0    Dex: 29    Spells: 0 memorised, 13 levels left

rFire  + . .     SeeInvis +     d - +0 scythe (flame)
rCold  . . .     Gourm    .     A - +1 ring mail {rF+}
rNeg   . . .     Faith    .     (shield currently unavailable)
rPois  +         Spirit   .     Q - +3 hat of Pondering {ponderous, MR+ MP+10 Int+5}
rElec  .         Dismiss  .     G - +2 cloak {MR+}
rCorr  .         Reflect  .     J - +2 pair of gloves
SustAt .         Harm     .     (no barding)
MR     +++..                    B - amulet of regeneration
Stlth  ++........               v - +6 ring of strength
                                (no ring)

@: very slow, extremely resistant to hostile enchantments, unstealthy
A: see invisible, deformed body, low mp 1, poison resistance, slowness 2, slow
metabolism 1, spit poison 2, wild magic 1, constrict 1, AC +4
a: Spit Poison, Bend Time, Temporal Distortion, Slouch, Step From Time, Renounce
Religion


You were on level 8 of the Lair of Beasts.
You worshipped Cheibriados.
Cheibriados was extremely pleased with you.
You were hungry.

You visited 2 branches of the dungeon, and saw 19 of its levels.
You also visited: Ossuary.

You collected 1330 gold pieces.

Inventory:

Hand Weapons
 a - a +1 trident
 d - a +0 scythe of flaming (weapon)
Armour
 c - a +0 shield
 A - a +1 ring mail of fire resistance (worn)
 G - a +2 cloak of magic resistance (worn)
 J - a +2 pair of gloves (worn)
 Q - the +3 hat of Pondering (worn) {ponderous, MR+ MP+10 Int+5}
   (You took it off Gastronok on level 8 of the Dungeon)

   It affects your intelligence (+5).
   It affects your resistance to hostile enchantments.
   It affects your magic capacity (+10).
Jewellery
 h - an uncursed ring of resist corrosion
 i - a +4 ring of strength
 v - a +6 ring of strength (right hand)
 x - an uncursed ring of protection from fire
 y - an uncursed amulet of dismissal
 B - an amulet of regeneration (around neck)
 H - an uncursed ring of protection from magic
 M - an uncursed ring of positive energy
Wands
 b - a wand of teleportation (5/9)
 m - a wand of lightning (11/15)
 r - a wand of disintegration (8/24)
 N - a wand of enslavement (18/24)
 R - a wand of lightning (7/15)
 S - a wand of digging (3/24)
 U - a wand of iceblast (6/15)
 W - a wand of disintegration (0/24)
 X - a wand of teleportation (3/9)
Scrolls
 k - 2 scrolls of enchant armour
 n - 12 scrolls of remove curse
 p - 2 scrolls of enchant weapon
 u - 5 scrolls of teleportation
 D - 9 scrolls of identify
 E - 2 scrolls of amnesia
 P - 2 scrolls of fog
 Y - a scroll of magic mapping
Potions
 e - 8 potions of curing
 g - 2 potions of cancellation
 l - 3 potions of lignification
 q - a potion of ambrosia
 w - a potion of might
 z - 3 potions of haste
 F - a potion of brilliance
 I - 2 potions of flight
 L - 2 potions of agility
 O - a potion of magic
 T - 3 potions of heal wounds
 V - a potion of cure mutation
Books
 C - a book of Power

   Spells                             Type                      Level
   a - Fulminant Prism                Conjuration/Hexes            4
   b - Iskenderun's Mystic Blast      Conjuration                  4
   c - Venom Bolt                     Conjuration/Poison           5
   d - Bolt of Magma                  Conjuration/Fire/Earth       5
   e - Iron Shot                      Conjuration/Earth            6
   f - Orb of Destruction             Conjuration                  7
   g - Spellforged Servitor           Conjuration/Summoning        7
Comestibles
 f - 11 bread rations
 o - 12 meat rations
 s - 3 slices of pizza
 t - 19 fruits


   Skills:
 - Level 12.7 Fighting
 * Level 17.0 Polearms
 - Level 9.0 Armour
 + Level 3.1 Dodging
 - Level 2.4 Shields
 - Level 9.2 Invocations


You had 13 spell levels left.
You didn't know any spells.

Dungeon Overview and Level Annotations

Branches:
Dungeon (11/15)            Temple (0/1) D:5            Lair (8/8) D:10
  Swamp (0/4) Lair:3       Spider (0/4) Lair:6        Slime (0/6) Lair:6
    Orc (0/2) D:10

Altars:
Ashenzari
Cheibriados
Elyvilon
Fedhas
Gozag
Makhleb
Nemelex Xobeh
Pakellas
Ru
Yredelemnul
Zin
The Shining One

Shops:
D:10 [

Annotations:
Lair:6 exclusion: oklob plant


Innate Abilities, Weirdness & Mutations

You cannot wear boots.
Your serpentine skin is tough (AC +4).
You have supernaturally acute eyesight.
Armour fits poorly on your strangely shaped body.
Your system is resistant to poisons.
You cover ground very slowly.
You have a slow metabolism.
You can spit poison.
You can use your snake-like lower body to constrict enemies.
Your magical capacity is low (-10% MP).
Your spells are a little harder to cast, but a little more powerful.


Message History

You can feel time thicken for a moment.
You kill the giant frog!
Cheibriados thoroughly appreciates the change of pace.
You kill the spiny frog!
Cheibriados thoroughly appreciates the change of pace.
You kill the giant frog!
Cheibriados thoroughly appreciates the change of pace.
You kill the spiny frog!
Cheibriados appreciates the change of pace.
Cheibriados raises the support of your attributes as your movement slows.
You kill the electric eel!
Cheibriados appreciates the change of pace.
You kill the blink frog!
Cheibriados thoroughly appreciates the change of pace.
You feel somewhat more hungry.
Cheibriados lowers the support of your attributes as your movement quickens.
The spiny frog stings you!
* * * LOW HITPOINT WARNING * * *
The spiny frog stings you!!
You die...

...P.P≈≈≈≈ #.....≈≈≈≈
#..P≈.≈≈≈≈ #....≈.≈≈≈
###### #..†....≈≈
#.#..######..≈.P....
##...##.##.....≈....P
##PP......#††.....P...
##.PPP......@F.....F...
#..PP.......†..........
##.....................
###......................
#........................
#.............P..P......
#............PP.P......
#............PPPPP....
#.............PPP


You could see a spiny frog and a blink frog (wandering).

Vanquished Creatures
  Gastronok (D:8)
  Maud (Lair:5)
  Snorg (Lair:6)
  6 hydras
  The ghost of Ferkelamun the Cleaver, a journeyman FoFi of Qazlal (D:10)
  5 death yaks
  The ghost of kosy22 the Ruffian, a novice TrMo of Nemelex Xobeh (D:7)
  An unseen horror (D:11)
  A hill giant (D:11)
  2 ugly things (D:11)
  An orb spider (Lair:6)
  An oklob plant (Lair:6)
  2 black mambas
  9 elephants
  18 spiny frogs
  2 torpor snails (Lair:5)
  4 komodo dragons
  2 rime drakes
  3 trolls
  2 polar bears
  3 two-headed ogres (D:8)
  Grinder (D:3)
  31 blink frogs
  A spriggan (D:7)
  A wyvern (D:11)
  Sigmund (D:3)
  43 yaks
  A wraith (D:11)
  Eustachio (D:6)
  7 hippogriffs
  2 basilisks
  Grum (D:7)
  A soldier ant (D:11)
  19 water moccasins
  6 swamp worms (Lair:3)
  Duvessa (D:5)
  8 orc warriors
  16 porcupines
  A black bear (D:6)
  2 ice beasts
  5 sky beasts
  2 wasps
  5 ogres
  A phantom (D:9)
  5 centaurs
  15 wolves
  18 crocodiles
  2 big kobolds
  24 giant frogs
  16 scorpions
  Dowan (D:5)
  4 howler monkeys
  4 wights (D:6)
  2 electric eels
  3 crimson imps
  A giant frog zombie (D:9)
  A jelly (D:10)
  A quasit (D:9)
  2 centaur skeletons
  5 centaur zombies
  3 giant frog skeletons
  3 orc priests
  Crazy Yiuf (D:5)
  A gnoll shaman (D:7)
  6 hounds
  3 human zombies (Ossuary)
  15 iguanas
  12 orc wizards
  14 worker ants
  15 sheep
  A hound skeleton (D:11)
  2 hound zombies
  3 mummies (Ossuary)
  A howler monkey zombie (D:6)
  13 adders
  3 gnolls (D:7)
  2 howler monkey skeletons
  96 river rats
  3 scorpion zombies (Ossuary)
  4 shadow imps
  An adder zombie (D:5)
  An adder skeleton (D:9)
  2 worms
  A dart slug (D:1)
  7 giant geckos
  51 orcs
  7 giant cockroaches
  2 gnoll zombies (Ossuary)
  4 goblins
  5 hobgoblins
  18 jackals
  5 quokkas
  A ball python (D:1)
  9 bats
  A giant gecko zombie (D:7)
  5 giant newts
  3 goblin zombies (Ossuary)
  A hobgoblin zombie (Ossuary)
  A jackal skeleton (D:5)
  14 kobolds
  2 kobold zombies (Ossuary)
  2 orc zombies (Ossuary)
  9 rats
  3 fungi
  A plant (D:10)
685 creatures vanquished.

Vanquished Creatures (collateral kills)
  A water moccasin (Lair:8)
  A plant (Lair:8)
2 creatures vanquished.

Vanquished Creatures (others)
  A gargoyle (D:3)
  A scorpion (Ossuary)
  A bush (D:3)
  43 fungi
  16 plants
62 creatures vanquished.

Grand Total: 749 creatures vanquished

Notes
Turn   | Place    | Note
--------------------------------------------------------------
     0 | D:1      | kae the Naga Fighter began the quest for the Orb.
     0 | D:1      | Reached XP level 1. HP: 21/21 MP: 1/1
   102 | D:1      | Reached XP level 2. HP: 23/28 MP: 2/2
   352 | D:1      | Reached skill level 3 in Polearms
   887 | D:2      | Reached XP level 3. HP: 28/34 MP: 3/3
  1230 | D:2      | Reached skill level 4 in Polearms
  1246 | D:2      | Found a snail-covered altar of Cheibriados.
  1258 | D:2      | Became a worshipper of Cheibriados the Contemplative
  1536 | D:2      | Reached XP level 4. HP: 39/42 MP: 4/4
  1719 | D:2      | Found a glowing golden altar of the Shining One.
  1928 | D:3      | Reached * piety under Cheibriados
  2003 | D:3      | Reached skill level 5 in Polearms
  2009 | D:3      | Reached XP level 5. HP: 43/49 MP: 5/5
  2135 | D:3      | Found a basalt altar of Yredelemnul.
  2135 | D:3      | Found a burning altar of Makhleb.
  2136 | D:3      | Found a glowing silver altar of Zin.
  2136 | D:3      | Found a sparkling altar of Nemelex Xobeh.
  2136 | D:3      | Noticed Grinder
  2137 | D:3      | Noticed Sigmund
  2152 | D:3      | Killed Sigmund
  2152 | D:3      | Reached skill level 6 in Polearms
  2152 | D:3      | Reached XP level 6. HP: 44/56 MP: 6/6
  2160 | D:3      | Paralysed by Grinder for 2 turns
  2163 | D:3      | Killed Grinder
  2163 | D:3      | Reached skill level 7 in Polearms
  2163 | D:3      | Reached XP level 7. HP: 52/62 MP: 7/7
  2211 | D:3      | Found a sacrificial altar of Ru.
  2335 | D:3      | Reached ** piety under Cheibriados
  2598 | D:3      | Found an oddly glowing altar of Pakellas.
  2599 | D:3      | Noticed a gargoyle
  2606 | D:3      | Killed a gargoyle
  2949 | D:4      | Reached skill level 8 in Polearms
  3246 | D:4      | Found a white marble altar of Elyvilon.
  3346 | D:5      | Entered Level 5 of the Dungeon
  3407 | D:5      | Found a staircase to the Ecumenical Temple.
  3440 | D:5      | Reached *** piety under Cheibriados
  3559 | D:5      | Found an opulent altar of Gozag.
  3565 | D:5      | Reached skill level 9 in Polearms
  3565 | D:5      | Reached XP level 8. HP: 57/69 MP: 8/8
  3676 | D:5      | Noticed Dowan
  3685 | D:5      | Killed Dowan
  3726 | D:5      | Noticed Duvessa
  3902 | D:5      | Killed Duvessa
  4072 | D:5      | Reached skill level 10 in Polearms
  4468 | D:5      | Noticed Crazy Yiuf
  4472 | D:5      | Killed Crazy Yiuf
  4711 | D:6      | Reached **** piety under Cheibriados
  4808 | D:6      | Reached skill level 11 in Polearms
  4825 | D:6      | Noticed Eustachio
  4838 | D:6      | Killed Eustachio
  4838 | D:6      | Reached XP level 9. HP: 74/75 MP: 9/9
  5280 | D:6      | Reached ***** piety under Cheibriados
  5308 | D:6      | Reached skill level 12 in Polearms
  5409 | D:7      | Found a shattered altar of Ashenzari.
  5495 | D:7      | Noticed kosy22's ghost (novice TrMo)
  5748 | D:7      | Was placed under penance by Cheibriados
  5763 | D:7      | HP: 5/112 [kosy22's ghost (10)]
  5765 | D:7      | Killed kosy22's ghost
  5765 | D:7      | Reached skill level 13 in Polearms
  6102 | D:7      | Was forgiven by Cheibriados
  6105 | D:7      | Reached XP level 10. HP: 62/84 MP: 10/10
  6855 | D:7      | Found a blossoming altar of Fedhas.
  6998 | D:8      | Found a sand-covered staircase.
  6998 | D:8      | Noticed Grum
  7001 | D:7      | Gained mutation: Your spells are a little harder to cast, but a little more powerful. [potion of mutation]
  7001 | D:7      | Gained mutation: Your magical capacity is low (-10% MP). [potion of mutation]
  7029 | D:7      | Killed Grum
  7029 | D:7      | Reached skill level 14 in Polearms
  7164 | Ossuary  | Entered an ossuary
  7445 | Ossuary  | Reached ****** piety under Cheibriados
  7618 | D:8      | Reached skill level 5 in Fighting
  7919 | D:8      | Noticed Gastronok
  7977 | D:8      | Killed Gastronok
  7977 | D:8      | Reached XP level 11. HP: 40/100 MP: 9/9
  8336 | D:8      | Reached skill level 5 in Armour
  9412 | D:10     | Entered Level 10 of the Dungeon
  9601 | D:10     | Found a staircase to the Orcish Mines.
  9621 | D:10     | You fall through a shaft!
  9662 | D:11     | Noticed a purple ugly thing
  9690 | D:11     | Killed a purple ugly thing
  9821 | D:11     | Noticed a red ugly thing
  9832 | D:11     | Killed a red ugly thing
  9832 | D:11     | Reached skill level 10 in Fighting
  9914 | D:10     | Found a staircase to the Lair.
  9936 | D:10     | Noticed Ferkelamun's ghost (journeyman FoFi)
  9965 | D:10     | Killed Ferkelamun's ghost
 10016 | D:10     | Reached XP level 12. HP: 54/117 MP: 10/10
 10710 | D:10     | Found Piv Atas's Armour Emporium.
 11456 | Lair:1   | Entered Level 1 of the Lair of Beasts
 13051 | Lair:2   | Found an oddly glowing altar of Pakellas.
 13458 | Lair:3   | Reached skill level 15 in Polearms
 13458 | Lair:3   | Gained mutation: You can use your snake-like lower body to constrict enemies. [Naga growth]
 13458 | Lair:3   | Reached XP level 13. HP: 123/129 MP: 11/11
 14309 | Lair:3   | Found a staircase to the Swamp.
 15778 | Lair:5   | Reached skill level 16 in Polearms
 16102 | Lair:5   | Noticed Maud
 16106 | Lair:5   | Killed Maud
 16320 | Lair:5   | Found a runed door.
 16383 | Lair:5   | Reached skill level 5 in Invocations
 16383 | Lair:5   | Reached XP level 14. HP: 134/139 MP: 16/16
 17646 | Lair:6   | Found a staircase to the Slime Pits.
 18078 | Lair:6   | Noticed Snorg
 18264 | Lair:6   | Killed Snorg
 18497 | Lair:6   | Found a hole to the Spider Nest.
 18916 | Lair:6   | Reached skill level 1 in Dodging
 19305 | Lair:7   | Reached skill level 17 in Polearms
 19473 | Lair:8   | Entered Level 8 of the Lair of Beasts
 19505 | Lair:8   | Slain by a spiny frog

Skill      XL: |  1  2  3  4  5  6  7  8  9 10 11 12 13 14 |
---------------+-------------------------------------------+-----
Polearms       | 3 4 5 6 7 9 11 13 14 15 16 17 | 17.0
Armour         | 4 6 7 9 |  9.0
Fighting       | 7 10 12 | 12.7
Invocations    | 5 9 |  9.2
Dodging        | 3 |  3.1
Shields        | |  2.4

Action                   |  1- 3 |  4- 6 |  7- 9 | 10-12 | 13-15 || total
-------------------------+-------+-------+-------+-------+-------++-------
Melee: Trident           |   123 |    92 |   432 |  1144 |   362 ||  2153
       Constrict         |       |       |       |       |   159 ||   159
       Scythe            |       |       |       |       |   304 ||   304
Invok: Slouch            |       |       |       |     2 |    11 ||    13
 Abil: Spit Poison       |       |     4 |     6 |     8 |     8 ||    26
Evoke: Wand              |       |       |       |       |     8 ||     8
  Use: Scroll            |     3 |       |    10 |    11 |     4 ||    28
       Potion            |       |     1 |     5 |     5 |     1 ||    12
 Stab: Distracted        |       |       |     1 |     3 |     7 ||    11
       Invisible         |       |       |     2 |       |       ||     2
       Sleeping          |       |       |     1 |    10 |    10 ||    21
  Eat: Chunk             |     1 |     3 |     7 |    19 |    14 ||    44
       Beef jerky        |       |       |     1 |       |       ||     1
       Fruit             |       |       |       |     1 |     1 ||     2
Armor: Scale mail        |    48 |    28 |    51 |       |       ||   127
       Ring mail         |       |       |    83 |   331 |   403 ||   817
Dodge: Dodged            |    17 |    14 |    52 |   148 |   288 ||   519
Block: Shield            |    43 |    37 |   152 |   515 |   178 ||   925
